AoeStats
← TakitEz

Oasis

509451372Analyzed
2v2 RM · 6d ago on Sep 26, 2026· 92m 12s· 4 players
Game mode
Random Map
Map size
Medium (4 player)
Population
200
Speed
Normal
Resources
Standard
Victory
Conquest
Starting age
Dark Age
Ending age
Imperial Age
RankedLock teamsTeams togetherTeam positionsShared explorationLock speedFull tech treeHidden civsTurbo modeCheats
Victory
Defeat
🇩🇪 Saracens · Germany
927
+15
🇩🇪 Spanish · Germany
926
+15
🇩🇪 Bulgarians · Germany
923
-16
🇩🇪 Romans · Germany
872
-21
Kashyyykistan
8:59 Loom
12:28 Feudal Age
16:46 Castle Age
15:32 Double-Bit Axe
15:29 Horse Collar
18:35 Bow Saw
20:54 Heavy Plow
22:26 Wheelbarrow
26:37 Bloodlines
27:48 Scale Barding Armor
28:29 Elite Skirmisher
29:07 Fletching
29:18 Padded Archer Armor
31:11 Forging
31:17 Leather Archer Armor
33:44 Imperial Age
33:15 Bodkin Arrow
35:34 Scale Mail Armor
35:55 Chain Barding Armor
35:35 Stirrups
37:23 Hand Cart
38:33 Conscription
37:46 Elite Konnik
38:42 Gold Mining
38:44 Stone Mining
39:35 Bracer
40:12 Plate Barding Armor
40:16 Iron Casting
40:07 Chain Mail Armor
42:45 Squires
45:08 Pikeman
45:35 Arson
46:23 Plate Mail Armor
46:54 Blast Furnace
47:33 Halberdier
52:33 Husbandry
63:56 Heavy Plow
65:59 Capped Ram
67:54 Crop Rotation
66:59 Siege Ram
69:43 Town Watch
TakitEz
8:27 Loom
10:45 Feudal Age
12:40 Man-at-Arms
13:45 Scale Mail Armor
20:32 Castle Age
20:17 Wheelbarrow
20:39 Forging
20:55 Double-Bit Axe
20:54 Horse Collar
21:37 Long Swordsman
24:17 Elite Skirmisher
28:41 Bow Saw
35:59 Imperial Age
35:17 Hand Cart
35:55 Chain Mail Armor
36:38 Iron Casting
36:05 Padded Archer Armor
35:59 Fletching
36:16 Capped Ram
37:07 Legionary
38:13 Gold Mining
38:30 Heavy Plow
39:09 Comitatenses
38:56 Ballistas
38:43 Heavy Scorpion
40:52 Blast Furnace
39:23 Pikeman
40:14 Siege Ram
42:43 Gold Shaft Mining
45:32 Cavalier
45:44 Halberdier
46:25 Squires
52:43 Bodkin Arrow
53:04 Leather Archer Armor
58:42 Caravan
67:42 Ring Archer Armor
74:39 Bloodlines
74:31 Husbandry
89:35 Crossbowman
Zereus
7:46 Loom
9:49 Feudal Age
10:52 Double-Bit Axe
19:17 Castle Age
17:58 Stone Mining
18:15 Horse Collar
20:06 Wheelbarrow
20:17 Bow Saw
21:09 Heavy Plow
21:49 Town Watch
23:31 Scale Barding Armor
25:31 Forging
25:12 Fletching
25:43 Chain Barding Armor
28:37 Husbandry
28:47 Bloodlines
30:03 Gold Mining
34:37 Fortified Wall
34:48 Ballistics
34:28 Murder Holes
35:13 Stone Shaft Mining
37:47 Imperial Age
38:43 Cavalier
40:01 Plate Barding Armor
40:02 Iron Casting
40:46 Chemistry
40:58 Hand Cart
41:51 Paladin
43:34 Blast Furnace
44:05 Hoardings
45:41 Bodkin Arrow
47:35 Masonry
46:50 Pikeman
47:30 Squires
47:32 Scale Mail Armor
47:32 Padded Archer Armor
49:37 Caravan
49:50 Guilds
55:40 Town Patrol
58:22 Two-Man Saw
61:30 Architecture
61:30 Conscription
63:10 Light Cavalry
66:40 Arrowslits
67:57 Leather Archer Armor
69:07 Bracer
69:22 Chain Mail Armor
70:21 Onager
74:53 Elite Conquistador
76:05 Hussar
80:42 Plate Mail Armor
80:43 Ring Archer Armor
80:53 Bombard Tower
82:26 Elite Skirmisher
83:14 Thumb Ring
InsaneHank
2:39 Loom
12:35 Feudal Age
13:10 Double-Bit Axe
22:09 Castle Age
20:26 Gold Mining
20:55 Fletching
21:38 Stone Mining
24:33 Fortified Wall
24:08 Horse Collar
25:13 Murder Holes
26:09 Bloodlines
26:40 Forging
28:35 Scale Barding Armor
28:47 Bow Saw
29:47 Wheelbarrow
29:59 Iron Casting
30:13 Ballistics
31:00 Chain Barding Armor
34:52 Imperial Age
33:46 Gold Shaft Mining
33:36 Heavy Plow
33:52 Town Watch
35:32 Elite Mameluke
37:16 Scale Mail Armor
38:18 Blast Furnace
37:52 Hand Cart
39:17 Chemistry
38:48 Conscription
40:58 Husbandry
41:28 Padded Archer Armor
43:05 Plate Barding Armor
42:06 Elite Skirmisher
44:02 Bodkin Arrow
44:16 Siege Engineers
46:50 Caravan
48:00 Two-Man Saw
48:20 Town Patrol
54:22 Counterweights
60:04 Bracer
59:27 Crossbowman
61:37 Thumb Ring
61:51 Leather Archer Armor
62:41 Masonry
62:02 Arbalester
63:43 Ring Archer Armor
65:18 Onager
Connection lost

Rejoining the realm…

Still unreachable

The connection could not be restored.

Session expired

The server has moved on; the page needs a fresh start.